Map: [ESL] Dragon Scales

Players

BabyMarine

  • Race: Terran Terran
  • Spawn Location: 11:00

Kelazhur - Winner!

  • Race: Terran Terran
  • League: Master
  • Spawn Location: 5:00

Event: HomeStory Cup XXIII

VOD

Have the link to the VOD?

Description

Time

  • Played on: June 30, 2023, 6:29 a.m.
  • Length: 12:27

All games in this series

Show
View Real Time Build Order
Export as new Build Order

BabyMarine Terran 

Build Orders: Cyclone Opening 

Get SALT Encoding   

  12  0:00  SCV  
  13  0:12  SCV  
  14  0:17  Supply Depot  
  14  0:24  SCV  
  15  0:38  SCV  
  15  0:40  Barracks  
  16  0:43  Refinery  
  16  0:50  SCV  
  16  0:54  Refinery  
  17  1:03  SCV  
  18  1:15  SCV  
  19  1:27  Orbital Command, Reaper  
  19  1:31  Supply Depot  
  20  1:40  Factory  
  20  1:53  SCV  
  21  1:59  Reaper  
  22  2:05  SCV  
  23  2:19  SCV, Command Center  
  24  2:24  Factory Tech Lab  
  24  2:31  SCV  
  25  2:37  Reaper  
  25  2:43  SCV  
  27  2:45  Cyclone  
  30  2:52  Supply Depot  
  30  2:56  SCV  
  30  3:07  Starport  
  30  3:10  SCV  
  31  3:13  Barracks Reactor  
  31  3:24  SCV  
  31  3:31  Cyclone  
  31  3:33  Supply Depot  
  34  3:36  SCV  
  35  3:46  Refinery  
  35  3:48  SCV  
  35  3:49  Marine x2, Medivac  
  35  3:51  Orbital Command  
  40  4:00  SCV  
  41  4:07  Marine x2  
  43  4:13  SCV  
  43  4:14  Siege Tank  
  43  4:17  SCV  
  48  4:21  Starport Tech Lab  
  48  4:25  Marine x2  
  48  4:30  SCV, Command Center  
  51  4:33  SCV  
  52  4:39  Supply Depot  
  52  4:42  Raven  
  52  4:45  Marine x2  
  52  4:47  SCV  
  52  4:50  SCV  
  56  4:59  SCV  
  57  5:03  SCV, Marine  
  59  5:07  Siege Tank  
  59  5:10  Supply Depot  
  59  5:12  SCV  
  63  5:14  Supply Depot  
  63  5:15  SCV  
  63  5:16  Marine  
  63  5:20  Raven  
  67  5:24  SCV  
  67  5:27  SCV, Marine  
  66  5:34  Marine  
  65  5:36  SCV  
  65  5:39  SCV  
  66  5:47  Siege Tank  
  66  5:48  SCV  
  70  5:51  SCV  
  70  6:00  SCV  
  70  6:03  SCV  
  72  6:11  Marine  
  72  6:13  Barracks x2, SCV  
  72  6:16  Marine  
  72  6:18  Raven  
  77  6:21  SCV  
  78  6:30  Siege Tank  
  78  6:32  SCV  
  82  6:33  SCV  
  82  6:39  Marine x2  
  74  6:44  SCV  
  74  6:45  SCV  
  72  6:48  Orbital Command  
  70  6:56  SCV  
  70  6:57  Marine  
  70  6:58  SCV  
  70  7:01  Marine  
  56  7:09  SCV  
  56  7:10  SCV  
  56  7:13  Barracks Reactor x2  
  59  7:18  Siege Tank  
  59  7:21  SCV  
  59  7:22  Engineering Bay x2, SCV  
  62  7:30  Viking  
  62  7:31  Viking  
  62  7:36  SCV x2  
  68  7:39  Stimpack  
  68  7:40  SCV  
  68  7:41  Marine  
  70  7:50  Marine x3  
  73  7:51  Marine  
  73  7:52  Orbital Command, Refinery  
  74  7:59  Marine  
  74  8:01  Siege Tank  
  74  8:04  Viking  
  80  8:08  Marine x2  
  80  8:09  Marine  
  80  8:12  SCV x2  
  84  8:15  Terran Infantry Weapons Level 1  
  84  8:18  Marine x2  
  86  8:20  SCV  
  86  8:21  Barracks x2  
  86  8:24  Terran Infantry Armor Level 1  
  86  8:26  Marine x2  
  89  8:28  SCV x2  
  89  8:32  Supply Depot  
  91  8:35  SCV  
  91  8:40  SCV x2  
  93  8:41  Marine  
  93  8:44  Supply Depot  
  93  8:48  Supply Depot  
  93  8:49  Marine  
  93  8:53  Marine x2, Viking, Siege Tank  
  100  9:01  Viking  
  101  9:05  Marine x2  
  101  9:06  SCV x3  
  101  9:09  Barracks Reactor x2  
  106  9:12  Marine x3  
  109  9:18  SCV, Supply Depot  
  109  9:19  SCV x2, Combat Shield  
  109  9:23  Marine x2  
  114  9:26  Sensor Tower  
  114  9:30  Marine  
  114  9:31  Marine x2  
  116  9:32  Supply Depot  
  116  9:34  SCV  
  116  9:39  Siege Tank  
  116  9:41  Marine x2  
  121  9:46  Missile Turret  
  121  9:47  Armory, Refinery x2  
  121  9:48  Marine x2  
  121  9:51  SCV  
  124  9:53  SCV  
  124  9:54  SCV, Supply Depot  
  124  9:57  Marine  
  124  9:58  Marine x2  
  129  10:00  Marine x2  
  129  10:03  SCV  
  129  10:04  Marine  
  133  10:09  SCV x2  
  133  10:10  Marine x2  
  133  10:13  Siege Tank  
  130  10:15  SCV  
  131  10:21  SCV x2  
  131  10:22  Marine x3  
  131  10:23  Marine x2  
  131  10:25  Marine x2  
  140  10:30  Missile Turret  
  140  10:34  Medivac x2  
  144  10:38  Marine, Factory  
  144  10:42  Marine x2  
  144  10:43  Marine x2  
  144  10:45  Supply Depot  
  149  10:54  Marine  
  145  10:57  Command Center  
  145  10:58  Marine, Siege Tank  
  149  11:10  Marine x3  
  152  11:12  Marine  
  149  11:20  Marine  
  149  11:21  Marine  
  149  11:23  Marine x3  
  154  11:28  Marine, SCV x2  
  144  11:36  Marine x3  
  144  11:38  Marine  
  144  11:39  Marine, SCV  
  127  11:41  Marine x3  
  127  11:44  Siege Tank  
  127  11:45  Marine  
  110  11:47  SCV  
  110  11:54  Marine x3  
  96  11:55  Marine  
  96  11:57  Marine  
  96  11:58  Marine  
  96  11:59  Marine x2  
  94  12:03  Marine  
Show
View Real Time Build Order
Export as new Build Order

Kelazhur Terran - Winner!

Build Orders:  

Get SALT Encoding   

  12  0:00  SCV  
  13  0:12  SCV  
  14  0:17  Supply Depot  
  14  0:24  SCV  
  15  0:39  Barracks, SCV  
  16  0:43  Refinery  
  16  0:51  SCV  
  17  0:58  Barracks  
  17  1:03  SCV  
  18  1:08  Refinery  
  18  1:15  SCV  
  19  1:28  Reaper  
  19  1:29  Orbital Command  
  20  1:38  Supply Depot  
  20  1:45  Reaper  
  21  1:55  SCV  
  21  2:00  Reaper  
  23  2:07  SCV  
  24  2:08  Factory  
  24  2:17  Reaper  
  24  2:19  SCV  
  26  2:23  Supply Depot  
  26  2:31  SCV  
  27  2:38  Reaper  
  27  2:43  SCV  
  29  2:49  Reaper  
  30  2:53  Hellion  
  30  2:55  SCV  
  33  3:04  Command Center  
  33  3:09  SCV  
  33  3:11  Reaper  
  35  3:15  Hellion  
  34  3:27  Starport  
  34  3:28  SCV  
  35  3:34  Barracks Reactor  
  35  3:37  Supply Depot  
  35  3:38  Factory Tech Lab  
  35  3:41  SCV  
  36  3:44  Barracks Tech Lab  
  36  3:53  SCV  
  37  3:59  Siege Tank  
  37  4:02  Marine  
  41  4:05  Medivac  
  41  4:07  Refinery  
  41  4:08  SCV  
  44  4:10  Marine x2  
  46  4:19  Orbital Command  
  46  4:21  Marine  
  46  4:23  SCV  
  51  4:31  Cyclone  
  51  4:35  SCV  
  51  4:38  Starport Tech Lab  
  52  4:44  Marine x3  
  55  4:46  SCV  
  55  4:49  SCV  
  55  4:57  Raven  
  55  4:58  SCV  
  54  5:05  SCV  
  54  5:06  Marine  
  51  5:10  SCV  
  52  5:16  Marine  
  52  5:17  SCV  
  54  5:23  SCV  
  55  5:29  SCV  
  55  5:30  Siege Tank  
  55  5:35  SCV  
  60  5:42  SCV  
  60  5:47  SCV  
  61  5:51  Marine  
  62  5:58  Supply Depot  
  62  6:08  Command Center  
  62  6:19  Raven, Marine, Siege Tank, SCV x2  
  70  6:31  Barracks  
  70  6:32  Barracks  
  70  6:35  SCV x2, Marine  
  64  6:47  SCV x2  
  64  6:49  Marine x2  
  64  6:51  Engineering Bay x2, Siege Tank  
  70  6:59  Marine  
  70  7:00  SCV  
  70  7:01  SCV  
  70  7:07  Marine x2  
  60  7:12  Stimpack, SCV  
  60  7:13  SCV  
  62  7:18  Starport Reactor  
  62  7:21  Orbital Command  
  62  7:22  Barracks Reactor, Refinery  
  62  7:24  SCV, Siege Tank  
  62  7:25  Terran Infantry Weapons Level 1, SCV  
  67  7:31  Marine  
  67  7:32  Marine, Supply Depot  
  67  7:33  Marine  
  67  7:36  SCV  
  71  7:37  Combat Shield  
  71  7:40  SCV  
  71  7:41  Marine  
  73  7:46  Orbital Command  
  73  7:49  SCV, Marine  
  73  7:50  Barracks  
  75  7:51  Marine  
  75  7:52  SCV  
  75  7:58  Marine  
  77  7:59  Marine x2  
  77  8:01  SCV  
  77  8:02  Siege Tank  
  77  8:04  SCV  
  85  8:12  Medivac  
  87  8:13  Marine x2, SCV  
  87  8:15  SCV  
  87  8:18  Supply Depot  
  91  8:21  Terran Infantry Armor Level 1  
  91  8:25  SCV x2  
  91  8:26  Supply Depot  
  92  8:27  SCV  
  92  8:31  Marine  
  93  8:38  Barracks Reactor  
  93  8:40  Marine x3, Siege Tank, SCV x2  
  101  8:42  Supply Depot  
  101  8:44  Armory  
  101  8:47  Marine x2, SCV  
  104  8:49  Refinery x2  
  104  8:50  Supply Depot  
  104  8:51  Supply Depot  
  104  8:52  SCV  
  104  8:53  SCV  
  106  8:58  Medivac  
  106  8:59  Marine  
  109  9:03  Marine, Medivac, SCV  
  109  9:04  Marine x2, SCV  
  109  9:06  Marine  
  109  9:07  Supply Depot x2  
  117  9:12  SCV  
  117  9:15  SCV  
  117  9:16  SCV  
  120  9:19  Marine x2  
  120  9:20  Marine x2  
  120  9:21  Marine  
  120  9:22  Sensor Tower  
  126  9:24  SCV  
  126  9:27  Marine  
  126  9:30  Marine x2  
  126  9:31  Terran Infantry Weapons Level 2  
  129  9:33  Supply Depot  
  129  9:35  SCV  
  129  9:36  Marine  
  131  9:39  Marine, Siege Tank  
  131  9:40  Marine x2  
  137  9:54  Marine, Command Center  
  137  9:55  Marine x4  
  137  9:56  Medivac  
  137  9:58  Terran Vehicle Weapons Level 1  
  144  10:01  Medivac  
  146  10:07  Supply Depot  
  146  10:09  Marine  
  146  10:10  Marine x2  
  146  10:12  Marine x4  
  146  10:14  Siege Tank  
  156  10:16  SCV  
  157  10:22  Supply Depot x2  
  157  10:29  Liberator, SCV x2  
  157  10:31  Supply Depot  
  157  10:33  Liberator  
  165  10:43  Marine x6  
  165  10:44  Supply Depot  
  165  10:48  Siege Tank, Supply Depot, Factory  
  174  10:50  Barracks Reactor  
  174  10:57  SCV  
  174  10:58  SCV x2  
  174  11:02  Supply Depot  
  177  11:04  Marine  
  177  11:06  Marine x6, Supply Depot  
  177  11:10  SCV  
  185  11:13  Planetary Fortress  
  185  11:14  Missile Turret  
  182  11:22  Marine  
  182  11:24  Marine x3  
  164  11:41  Marine  
  164  11:42  Marine x8  
  164  11:44  Viking x2  
  155  11:47  Siege Tank  
  145  11:56  Orbital Command  
  145  11:58  Marine  
  145  11:59  Marine  
  145  12:00  Marine x7  
  147  12:07  SCV x3  
Tags
 
Add a new tag
Caveats
  • Supply blocks, unpowered buildings, or Contaminate may cause inaccurate times.
  • Supply counts are checked every 10 seconds.